 Dungeon Crawl Stone Soup version 0.30-a0-743-gbfdf073431 (webtiles) character file.

Game seed: 10638088944747774968

668 tilp the Slasher (level 8, 0/66 HPs)
             Began as a Meteoran Fighter on Feb 5, 2023.
             Was an Initiate of Okawaru.
             Slain by an orc wizard
             ... wielding a +0 dagger
              (2 damage)
             ... on level 6 of the Dungeon.
             The game lasted 00:10:18 (1794 turns).

tilp the Slasher (Meteoran Fighter)                 Turns: 1794, Time: 00:10:19

Health: 0/66       AC:  9    Str: 17    XL:     8   Next: 13%
Magic:  8/10       EV: 11    Int: 10    God:    Okawaru [......]
Gold:   192        SH:  5    Dex: 16    Spells: 7/7 levels left

rFire   . . .      SeeInvis .    a - +0 long sword
rCold   . . .      Faith    .    c - +0 buckler
rNeg    . . .      Spirit   .    f - +0 scale mail
rPois   .          Reflect  .    (no helmet)
rElec   .          Harm     .    (no cloak)
rCorr   .          Rampage  .    (no gloves)
Will    +....                    m - +1 pair of boots
Stlth   +                        (no amulet)
HPRegen 0.31/turn                (no ring)
MPRegen 0.12/turn                (no ring)

@: mighty, glowing
A: sense surroundings 1, otherworldly, glowing, explore regen
a: Renounce Religion


You were on level 6 of the Dungeon.
You worshipped Okawaru.
Okawaru was noncommittal.
You visited 2 branches of the dungeon, and saw 8 of its levels.

You collected 192 gold pieces.

Inventory:

Hand Weapons
 a - a +0 long sword (weapon)
 b - a +0 hand axe of flaming
 n - a +2 dagger of venom
Missiles
 e - 37 stones
 h - 4 poisoned darts (quivered)
 o - 5 javelins
Armour
 c - a +0 buckler (worn)
 f - a +0 scale mail (worn)
 m - a +1 pair of boots (worn)
Scrolls
 k - 3 scrolls of teleportation
Potions
 d - 2 potions of might
 g - a potion of flight
 i - 4 potions of curing
 j - 2 potions of attraction
 l - a potion of invisibility {unknown}


   Skills:
 * Level 4.2 Fighting
 * Level 6.2 Long Blades
 + Level 2.2 Throwing
 + Level 4.1 Armour
 + Level 4.1 Dodging
 * Level 2.2 Stealth
 - Level 4.0 Shields
 * Level 1.4 Invocations


You had 7 spell levels left.
You didn't know any spells.
Your spell library was empty.

Dungeon Overview and Level Annotations

Branches:
Dungeon (7/15) Zot: 2345   Temple (1/1) D:4 Zot: 579

Altars:
Ashenzari
Cheibriados
Dithmenos
Gozag
Kikubaaqudgha
Okawaru
Qazlal
Sif Muna
Wu Jian

Shops:
D:1 [=[

Annotations:
D:4 3 runed translucent doors, derval's ghost, amateur OpSu


Innate Abilities, Weirdness & Mutations

You passively map a small area around you.
You are easily found by Zot.
You glow in the dark.
You regain HP and MP as you explore.


Message History

Press: ? - help, Q - select action, (/) - cycle Shift-Dir - straight line, f/p - orc warrior
Aim: an orc warrior, wielding a +0 hand axe and wearing a +0 plate armour (moderately wounded, 63% to hit)
You throw a poisoned dart. The poisoned dart hits the orc warrior.
The orc warrior is poisoned.
The orc warrior is moderately wounded.
You block the orc warrior's attack.
Unknown command.
You hit the orc warrior.
The orc warrior is heavily wounded.
The orc warrior hits you with a +0 hand axe.
You hit the orc warrior.
The orc warrior is heavily wounded.
The orc warrior closely misses you.
You hit the orc warrior but do no damage.
The orc warrior is heavily wounded.
The orc warrior hits you with a +0 hand axe.
* * * LOW HITPOINT WARNING * * *
The orc warrior closely misses you.
You hit the orc warrior.
The orc warrior is heavily wounded.
You block the orc warrior's attack.
You feel very mighty all of a sudden.
You hear the slow rusting of a drain nearby.
The orc warrior looks more healthy.
The orc warrior hits you with a +0 hand axe!
* * * LOW HITPOINT WARNING * * *
You hit the orc warrior.
The orc warrior is heavily wounded.
You block the orc warrior's attack.
You slash the orc warrior!
You kill the orc warrior!
Okawaru accepts your kill.
You hear some strange, mumbled words.
A puff of flame appears from out of thin air!
The puff of flame hits you!
* * * LOW HITPOINT WARNING * * *
Your Invocations skill increases to level 1!
You have reached level 8!
Something hits you.
You die...

* *##. , , ,
, ... , , ,
..
*########.#,#
,
...^...(.#.#
,
.......)(..#
*, ,
.......o# *
..#####{#* ,
#...#@#
#.#.#.# ,
,#.....# ,
###.### * *
#.# ,###.# *
#...# * *
#>#.# #.###


You could see an orc.

Vanquished Creatures
  An orc warrior (D:6)
  A sky beast (D:4)
  A phantom (D:5)
  A necrophage (D:4)
  2 hounds (D:4)
  2 orc priests
  2 orc wizards
  An iguana (D:5)
  3 gnolls (D:3)
  3 adders
  A shadow imp (D:6)
  An ufetubus (D:5)
  2 worms
  A dart slug (D:1)
  8 orcs
  2 endoplasms
  A giant cockroach (D:3)
  10 goblins
  7 hobgoblins
  4 jackals (D:1)
  7 kobolds
  2 quokkas
  5 ball pythons
  2 bats
  3 frilled lizards (D:1)
  8 rats
81 creatures vanquished.

Notes
Turn   | Place    | Note
-------+----------+-------------------------------------------
     0 | D:1      | tilp the Meteoran Fighter began the quest for the Orb.
     0 | D:1      | Reached XP level 1. HP: 19/19 MP: 2/2
    41 | D:1      | Reached XP level 2. HP: 25/26 MP: 3/3
    59 | D:1      | Reached skill level 1 in Dodging
   124 | D:1      | Found Osof's Antique Armour Shoppe.
   147 | D:1      | Found Cyfirul's Jewellery Shop.
   166 | D:1      | Found Dalaf's Armour Shoppe.
   171 | D:1      | Reached XP level 3. HP: 31/31 MP: 4/4
   238 | D:1      | Reached skill level 3 in Long Blades
   369 | D:2      | Reached XP level 4. HP: 38/38 MP: 5/5
   582 | D:3      | Reached XP level 5. HP: 24/45 MP: 6/6
   587 | D:3      | Reached skill level 1 in Throwing
   587 | D:3      | Reached skill level 1 in Stealth
   761 | D:4      | Noticed a sky beast
   778 | D:4      | Killed a sky beast
   779 | D:4      | Reached skill level 4 in Long Blades
   779 | D:4      | Reached XP level 6. HP: 10/52 MP: 7/7
   790 | D:4      | Found a runed translucent gate.
   791 | D:4      | Found a runed translucent gate.
   792 | D:4      | Found a runed translucent gate.
  1251 | D:5      | Entered Level 5 of the Dungeon
  1386 | D:4      | Reached XP level 7. HP: 49/59 MP: 8/8
  1394 | D:4      | Noticed derval's ghost (amateur OpSu)
  1435 | D:4      | Reached skill level 5 in Long Blades
  1544 | D:4      | Found a staircase to the Ecumenical Temple.
  1554 | Temple   | Entered the Ecumenical Temple
  1564 | Temple   | Became a worshipper of Warmaster Okawaru
  1649 | D:5      | Reached skill level 6 in Long Blades
  1793 | D:6      | HP: 1/59 [something/puff of flame (9)]
  1794 | D:6      | Reached skill level 1 in Invocations
  1794 | D:6      | Reached XP level 8. HP: 2/66 MP: 8/10
  1794 | D:6      | Slain by an orc wizard

Illustrated notes

Levels and vault maps discovered:
D:1:      lemuel_arrival_lava_pool, layout_basic, serial_shops,
          nicolae_shop_hallway_plus, nicolae_shop_competitors_out_of_business,
          shop, shop_fountains, shop
D:2:      layout_basic, uniq_terence
D:3:      layout_basic, serial_bayou_ford_a
D:4:      layout_cave_pools, minmay_temple_entry_slanted, gammafunk_ghost_split,
          roderic_roman_lattice, minmay_bisected
D:5:      layout_basic, st_stairs_14
D:6:      layout_basic, lemuel_tele_altar, portal_sewer_entry_d, minivault_27
D:7:      layout_basic, serial_bayou, serial_bayou_crossing,
          serial_bayou_lagoon_a, serial_bayou_lagoon_b, serial_bayou_pond_e,
          uniq_pikel, uniq_joseph, uniq_crazy_yiuf_cottage
Temple:   hellmonk_temple_of_storms

Skill      XL: |  1  2  3  4  5  6  7 |
---------------+----------------------+-----
Dodging        | 1 2 3 4 |  4.1
Long Blades    | 3 4 6 |  6.2
Armour         | 4 |  4.1
Shields        | 4 |  4.0
Throwing       | 1 2 |  2.2
Stealth        | 1 2 |  2.2
Fighting       | 4 |  4.2
Invocations    | 1 |  1.4

Action                     |  1- 3 |  4- 6 |  7- 9 || total
---------------------------+-------+-------+-------++-------
  Melee: Long sword        |    83 |   153 |   100 ||   336
  Throw: Stone             |     1 |       |       ||     1
         Dart              |       |    11 |     4 ||    15
    Use: Scroll            |       |     5 |     3 ||     8
         Potion            |       |     2 |     1 ||     3
 Armour: Scale mail        |    59 |    80 |    45 ||   184
  Dodge: Dodged            |    36 |    56 |    44 ||   136
  Block: Buckler           |    28 |    29 |    30 ||    87

Table legend: (Time is in decaauts)
 A = Elapsed time spent in this place.
 B = Non-inter-level travel time spent in this place.
 C = Inter-level travel time spent in this place.
 D = Time resting spent in this place.
 E = Time spent auto-exploring this place.
 F = Levels seen in this place.
 G = Mean time per level.
                   A        B        C        D        E       F      G
               +--------+--------+--------+--------+--------+-----+--------+
         Total |   1874 |   1762 |    112 |      4 |      0 |   8 |  234.2 |
       Dungeon |   1853 |   1751 |    102 |      4 |      0 |   7 |  264.7 |
        Temple |     20 |     10 |     10 |      0 |      0 |   1 |   20.0 |
               +--------+--------+--------+--------+--------+-----+--------+

Top non-repeatable levels by time:
     D:3: 717 daAuts
     D:4: 432 daAuts
     D:1: 368 daAuts
     D:2: 124 daAuts
     D:5: 107 daAuts
     D:6: 102 daAuts
  Temple: 20 daAuts
     D:7: 1 daAuts
